 Dungeon Crawl Stone Soup version 0.27-a0-1193-g8631133539 (webtiles) character file.

Game seed: 2219483605445465747

38593 freelancePsychic the Markshuman (level 14, -1/113 HPs)
             Began as a Human Hunter on May 25, 2021.
             Was the Champion of Okawaru.
             Slain by a basilisk (8 damage)
             ... on level 6 of the Lair of Beasts.
             The game lasted 00:47:47 (25601 turns).

freelancePsychic the Markshuman (Human Hunter)     Turns: 25601, Time: 00:47:47

Health: -1/113     AC: 25    Str: 16    XL:     14   Next: 35%
Magic:  17/17      EV:  7    Int: 18    God:    Okawaru [******]
Gold:   552        SH:  0    Dex: 27    Spells: 13/13 levels left

rFire    . . .     SeeInvis .   z - +2 broad axe of Ycarphuwo {flame, rN+}
rCold    . . .     Faith    .   (no shield)
rNeg     + . .     Spirit   .   B - +10 chain mail of the Allies {Int+6 Stlth+}
rPois    .         Reflect  .   (no helmet)
rElec    .         Harm     .   v - +0 cloak
rCorr    .         Rampage  .   (no gloves)
Will     +....     Clarity  +   l - +1 pair of boots
Stlth    ..........             (no amulet)
HPRegen  0.28/turn              f - +6 ring of dexterity
MPRegen  0.15/turn              u - +6 ring of dexterity

@: lethally poisoned (-1 -> -6), petrifying, very slow
A: clarity, subdued magic 1
a: Renounce Religion, Heroism, Finesse


You were on level 6 of the Lair of Beasts.
You worshipped Okawaru.
Okawaru was exalted by your worship.
You visited 3 branches of the dungeon, and saw 17 of its levels.
You also visited: Volcano.

You collected 818 gold pieces.
You spent 266 gold pieces at shops.

Inventory:

Hand Weapons
 a - a +5 longbow of freezing
 b - a +0 hunting sling
 o - a +1 dagger of speed
 z - the +2 broad axe of Ycarphuwo (weapon) {flame, rN+}
   (You found it on level 2 of the Lair of Beasts)

   It has been specially enchanted to burn those struck by it, causing extra
   injury to most foes and up to half again as much damage against particularly
   susceptible opponents.
   Big, fiery blades are also staple armaments of hydra-hunters.
   It protects you from negative energy.
Missiles
 d - 20 arrows
 g - 5 sling bullets
 r - 290 stones (quivered)
 x - 3 curare-tipped darts
Armour
 l - a +1 pair of boots (worn)
 v - a +0 cloak (worn)
 w - a +4 chain mail of fire resistance
 B - the +10 chain mail of the Allies (worn) {Int+6 Stlth+}
   (You bought it in a shop on level 3 of the Dungeon)

   It affects your intelligence (+6).
   It makes you more stealthy.
Jewellery
 f - a +6 ring of dexterity (left hand)
 u - a +6 ring of dexterity (right hand)
Wands
 n - a wand of digging (6)
 t - a wand of iceblast (11)
 C - a wand of paralysis (11)
Scrolls
 j - 9 scrolls of magic mapping
 A - 2 scrolls of identify {@r1}
 D - 3 scrolls of enchant armour
 F - a scroll of brand weapon
 G - a scroll of fog
Potions
 e - 2 potions of might
 h - 5 potions of curing {@q1}
 m - a potion of magic {unknown}
 q - 4 potions of berserk rage
 s - 2 potions of resistance {unknown}
 E - 2 potions of ambrosia
Miscellaneous
 c - a phial of floods (inert)


   Skills:
 + Level 11.2 Fighting
 + Level 15.0 Bows
 + Level 8.9 Armour
 * Level 10.1 Dodging
 - Level 1.0 Stealth
 - Level 5.0 Invocations
 - Level 5.0 Evocations


You had 13 spell levels left.
You didn't know any spells.
Your spell library contained the following spells:

 Spells                   Type           Power      Damage    Failure   Level
 Beastly Appendage        Tmut           0%         N/A       93%         1
 Foxfire                  Conj/Fire      0%         2x1d4     93%         1
 Freeze                   Ice            0%         1d3       93%         1
 Summon Small Mammal      Summ           0%         N/A       93%         1
 Blink                    Tloc           N/A        N/A       98%         2
 Call Imp                 Summ           0%         N/A       98%         2
 Wereblood                Tmut           0%         N/A       98%         2
 Call Canine Familiar     Summ           0%         N/A       100%        3
 Conjure Flame            Conj/Fire      0%         6-21      100%        3
 Frozen Ramparts          Ice            0%         1d2       100%        3
 Gell's Gravitas          Tloc           0%         N/A       100%        3
 Inner Flame              Hex/Fire       0%         N/A       100%        3
 Lesser Beckoning         Tloc           0%         N/A       100%        3
 Ozocubu's Armour         Ice            0%         N/A       100%        3
 Spider Form              Tmut/Pois      0%         N/A       100%        3
 Summon Guardian Golem    Hex/Summ       0%         N/A       100%        3
 Teleport Other           Tloc           0%         N/A       100%        3
 Hailstorm                Conj/Ice       0%         3d3       100%        4
 Ice Form                 Ice/Tmut       0%         N/A       100%        4
 Sticky Flame             Conj/Fire      0%         2d3       100%        4
 Summon Ice Beast         Ice/Summ       0%         N/A       100%        4
 Summon Lightning Spire   Summ/Air       0%         N/A       100%        4
 Fireball                 Conj/Fire      0%         3d3       100%        5
 Hydra Form               Tmut           0%         N/A       100%        5
 Manifold Assault         Tloc           0%         N/A       100%        5
 Metabolic Englaciation   Hex/Ice        0%         N/A       100%        5


Dungeon Overview and Level Annotations

Branches:
Dungeon (10/15)            Temple (1/1) D:4            Lair (6/6) D:9
  Swamp (0/4) Lair:3       Spider (0/4) Lair:4          Orc (0/2) D:9
Volcano (visited)
  Slime: Lair:5-6

Altars:
Ashenzari
Elyvilon
Gozag
Okawaru
Sif Muna
Trog
Zin

Shops:
D:3 [   D:9 *

Annotations:
D:10 exclusion: 3 oklob plants
Lair:6 Snorg


Innate Abilities, Weirdness & Mutations

You possess an exceptional clarity of mind.
Your spells are a little easier to cast, but a little less powerful.


Message History

The basilisk gazes at you.
You easily resist.
The black mamba barely misses you.
You miss something.
You slice one of the six-headed hydra's heads off!
The flame cauterises the wound!
You hit the five-headed hydra. You burn the five-headed hydra.
You hit the basilisk. You burn the basilisk.
You hit the black mamba but do no damage.
You feel very sick.
The black mamba bites you but does no damage.
Something hits you but does no damage. The five-headed hydra bites you!
* * * LOW HITPOINT WARNING * * *
The five-headed hydra bites you.
* * * LOW HITPOINT WARNING * * *
The five-headed hydra bites you but does no damage. x3
The black mamba bites you but does no damage.
The basilisk gazes at you.
You are slowing down.
Something hits you but does no damage.
The five-headed hydra barely misses you.
The five-headed hydra bites you but does no damage. x4
The black mamba bites you but does no damage.
The basilisk bites you but does no damage.
Your limbs are stiffening.
You hit something. You burn something.
You slice one of the five-headed hydra's heads off!
The flame cauterises the wound!
You hit the four-headed hydra. You burn the four-headed hydra.
You hit the basilisk. You burn the basilisk. You miss the black mamba.
You feel very sick.
The black mamba bites you but does no damage.
Something hits you but does no damage.
The black mamba bites you but does no damage.
The four-headed hydra bites you.
* * * LOW HITPOINT WARNING * * *
The four-headed hydra bites you. x2
* * * LOW HITPOINT WARNING * * *
The four-headed hydra bites you but does no damage.
You hear some strange, mumbled words.
The basilisk bites you!
You die...

....Y..(...# ≈≈≈≈....
..##(#.##..###..... ≈.
≈..≈.#.. †###(####.#...
... ... ..P.#...
#.#Y#..#.##...[..P ....
...PP..
..†......#........ #....
..Y.....#...)..#.##.....
.........#....(........#
....Y..#.# #........#
#...#.##########@§....#
#.....##.#.#.YYDlS..###
..............YYY....#
...#................##
...............##.....#
P.#......#.##### ###...
.....####.## .... P.PP..
##.# ... ....P. .#


You could see a four-headed hydra, a black mamba, 5 yaks and a basilisk.

Vanquished Creatures
  Fannar (Lair:1)
  7 hydras
  A lindwurm (Lair:6)
  Pikel (D:9)
  An oklob plant (Lair:3)
  11 elephants
  A black mamba (Lair:2)
  A gargoyle (Volcano)
  A torpor snail (Lair:5)
  A molten gargoyle (Volcano)
  3 rime drakes
  10 cane toads
  8 komodo dragons
  A troll (D:10)
  4 polar bears
  2 jumping spiders (Lair:4)
  A hornet (Lair:6)
  21 blink frogs
  3 dream sheep (Lair:5)
  2 redbacks (Lair:4)
  A spriggan (Lair:6)
  5 wyverns
  40 yaks
  2 fire elementals (Volcano)
  5 fire bats
  A steam dragon (D:8)
  A basilisk (D:10)
  2 swamp worms (Lair:3)
  3 wargs
  15 water moccasins
  Duvessa (D:4)
  3 orc warriors
  An ice beast (D:6)
  2 black bears
  A sky beast (D:7)
  An ogre (D:7)
  A boggart (Lair:6)
  5 centaurs
  8 wolves (Lair:6)
  A kobold brigand (D:6)
  9 bullfrogs
  An earth elemental (Volcano)
  2 gnoll sergeants
  4 scorpions
  Dowan (D:4)
  A wyvern skeleton (D:6)
  A water moccasin skeleton (D:6)
  3 killer bees (D:9)
  7 wights
  An electric eel (Lair:4)
  3 centaur zombies
  7 lava snakes (Volcano)
  A centaur skeleton (D:7)
  4 hounds
  5 orc priests
  4 iguanas
  7 orc wizards
  2 howler monkey zombies (D:9)
  9 gnolls
  4 adders
  2 white imps
  An adder skeleton (D:4)
  5 dart slugs
  29 orcs
  11 ball pythons
  A bat (D:3)
  4 endoplasms
  5 giant cockroaches
  9 hobgoblins
  8 jackals
  7 quokkas
  2 frilled lizards (D:1)
  5 goblins
  10 kobolds
  2 rats (D:1)
357 creatures vanquished.

Vanquished Creatures (collateral kills)
  A komodo dragon (Lair:1)
1 creature vanquished.

Vanquished Creatures (others)
  An efreet (Volcano)
  A sky beast (D:6)
  An orc wizard (D:9)
  A bush (Lair:3)
  45 fungi
  46 plants
95 creatures vanquished.

Grand Total: 453 creatures vanquished

Notes
Turn   | Place    | Note
-------+----------+-------------------------------------------
     0 | D:1      | freelancePsychic the Human Hunter began the quest for the
                  | Orb.
     0 | D:1      | Reached XP level 1. HP: 16/16 MP: 1/1
   327 | D:1      | Found a faded altar of an unknown god.
   387 | D:1      | Reached XP level 2. HP: 12/22 MP: 2/2
  1106 | D:1      | Reached XP level 3. HP: 28/28 MP: 3/3
  2681 | D:3      | Reached XP level 4. HP: 35/35 MP: 4/4
  3018 | D:3      | Found Ubbef's Antique Armour Boutique.
  3946 | D:4      | Reached skill level 5 in Bows
  3946 | D:4      | Reached XP level 5. HP: 42/42 MP: 5/5
  3969 | D:4      | Found a staircase to the Ecumenical Temple.
  3989 | Temple   | Entered the Ecumenical Temple
  3995 | Temple   | Became a worshipper of Warmaster Okawaru
  4364 | D:4      | Reached XP level 6. HP: 43/49 MP: 6/6
  4473 | D:4      | Reached * piety under Okawaru
  4558 | D:4      | Reached skill level 6 in Bows
  4784 | D:4      | Noticed Duvessa
  4784 | D:4      | Noticed Dowan
  4794 | D:4      | Killed Duvessa
  4795 | D:4      | Reached skill level 5 in Fighting
  4795 | D:4      | Reached skill level 1 in Invocations
  4795 | D:4      | Reached XP level 7. HP: 37/56 MP: 4/7
  4799 | D:4      | Killed Dowan
  5332 | D:5      | Entered Level 5 of the Dungeon
  6571 | D:5      | Reached XP level 8. HP: 44/64 MP: 10/10
  7226 | D:6      | Reached skill level 7 in Bows
  7673 | D:6      | Reached ** piety under Okawaru
  8080 | D:6      | Found an opulent altar of Gozag.
  8818 | D:7      | Reached skill level 5 in Invocations
  8818 | D:7      | Reached XP level 9. HP: 48/72 MP: 12/12
  9040 | D:7      | Reached skill level 8 in Bows
 10696 | D:3      | Bought a warped chain mail for 266 gold pieces
 10696 | D:3      | Identified the +10 chain mail of the Allies {Int+6 Stlth+}
                  | (You bought it in a shop on level 3 of the Dungeon)
 11633 | D:7      | Reached skill level 9 in Bows
 11782 | D:8      | Reached *** piety under Okawaru
 11808 | D:8      | Reached XP level 10. HP: 32/83 MP: 13/13
 12538 | D:9      | Found a staircase to the Orcish Mines.
 12678 | D:8      | Reached skill level 10 in Bows
 12977 | D:9      | Found a staircase to the Lair.
 13078 | D:9      | Reached **** piety under Okawaru
 13680 | D:9      | Found Timebede's Assorted Antiques.
 14091 | D:9      | Noticed Pikel
 14109 | D:9      | Killed Pikel
 14109 | D:9      | Received a gift from Okawaru
 14110 | D:9      | Reached skill level 11 in Bows
 14361 | D:10     | Entered Level 10 of the Dungeon
 14659 | D:10     | Reached XP level 11. HP: 79/90 MP: 14/14
 14822 | D:10     | Reached skill level 12 in Bows
 14835 | D:10     | Noticed an oklob plant
 14835 | D:10     | Noticed an oklob plant
 15153 | D:10     | Identified the +2 leather armour of the Bulwark {rPois
                  | Dex+4}
 15258 | D:10     | Noticed an oklob plant
 15712 | Lair:1   | Entered Level 1 of the Lair of Beasts
 15730 | Lair:1   | Received a gift from Okawaru
 15764 | Lair:1   | Found a dark tunnel.
 15774 | Volcano  | Entered a volcano
 16031 | Volcano  | Reached ***** piety under Okawaru
 16677 | Volcano  | Found a radiant altar of Vehumet.
 16685 | Volcano  | Gained mutation: Your spells are a little easier to cast,
                  | but a little less powerful. [potion of mutation]
 16685 | Volcano  | Gained mutation: You possess an exceptional clarity of
                  | mind. [potion of mutation]
 16692 | Volcano  | Reached skill level 13 in Bows
 16694 | Volcano  | HP: 4/90 [fire elemental (10)]
 16717 | Volcano  | Received a gift from Okawaru
 17180 | Volcano  | Noticed a stone giant
 18019 | Lair:1   | Noticed a seven-headed hydra
 18031 | Lair:1   | Killed a seven-headed hydra
 18248 | Lair:1   | Reached skill level 14 in Bows
 18393 | Lair:1   | Noticed Fannar
 18417 | Lair:1   | Killed Fannar
 18417 | Lair:1   | Received a gift from Okawaru
 18418 | Lair:1   | Reached skill level 1 in Armour
 18418 | Lair:1   | Reached skill level 1 in Evocations
 19227 | Lair:2   | Received a gift from Okawaru
 19228 | Lair:2   | Reached XP level 12. HP: 71/97 MP: 15/15
 19567 | Lair:2   | Received a gift from Okawaru
 19836 | Lair:2   | Identified the +2 broad axe of Ycarphuwo {flame, rN+}
 20184 | Lair:2   | Noticed an eight-headed hydra
 20201 | Lair:2   | Killed an eight-headed hydra
 20201 | Lair:2   | Received a gift from Okawaru
 20202 | Lair:2   | Reached skill level 5 in Dodging
 20757 | Lair:3   | Reached skill level 5 in Armour
 20850 | Lair:3   | Reached skill level 5 in Evocations
 21104 | Lair:3   | Received a gift from Okawaru
 21315 | Lair:3   | Noticed a six-headed hydra
 21323 | Lair:3   | Reached XP level 13. HP: 94/103 MP: 16/16
 21328 | Lair:3   | Killed a six-headed hydra
 21543 | Lair:3   | Received a gift from Okawaru
 21580 | Lair:3   | Reached skill level 10 in Fighting
 21780 | Lair:3   | Noticed an eight-headed hydra
 21786 | Lair:3   | Noticed a five-headed hydra
 21788 | Lair:3   | Killed an eight-headed hydra
 21796 | Lair:3   | Killed a five-headed hydra
 22021 | Lair:3   | Found a staircase to the Swamp.
 22698 | Lair:4   | Found a hole to the Spider Nest.
 22734 | Lair:4   | Found a glowing silver altar of Zin.
 22763 | Lair:4   | Received a gift from Okawaru
 22855 | Lair:4   | Reached ****** piety under Okawaru
 23965 | Lair:5   | Noticed a six-headed hydra
 23974 | Lair:5   | Killed a six-headed hydra
 23974 | Lair:5   | Received a gift from Okawaru
 24515 | Lair:5   | Reached XP level 14. HP: 75/111 MP: 15/17
 25074 | Lair:6   | Entered Level 6 of the Lair of Beasts
 25166 | Lair:6   | Received a gift from Okawaru
 25273 | Lair:6   | Received a gift from Okawaru
 25321 | Lair:6   | Noticed Snorg
 25468 | Lair:6   | Reached skill level 15 in Bows
 25488 | Lair:6   | Received a gift from Okawaru
 25489 | Lair:6   | Reached skill level 10 in Dodging
 25601 | Lair:6   | Slain by a basilisk

Illustrated notes

Levels and vault maps discovered:
D:1:      pf_arrival_petrified_forest, layout_loops_cross,
          ebering_ecumenical_altar_hall
D:2:      layout_basic, kennysheep_doodads
D:3:      layout_basic, serial_shops, nicolae_shop_crystal, minivault_14,
          hangedman_decor_clover_reticule, amethyst_killhole, st_stairs_2
D:4:      layout_basic, minmay_temple_entry_mini_moons, uniq_duvessa
D:5:      layout_basic
D:6:      layout_layer_cave, kennysheep_little_box
D:7:      layout_loops_ring, kennysheep_generic_room_7
D:8:      layout_gridville, amcnicky_mini_pool_small, grunt_ministairs_15,
          amcnicky_mini_corridor_feature
D:9:      layout_grid_maze, erik_lair_orcish_takeover, orc_0_dummy,
          serial_shops, nicolae_shop_competitors_out_of_business, uniq_pikel
D:10:     layout_basic, serial_corexii_hall, corexii_hall_statues_s,
          chequers_hall_statues_wall_a, disabler_island
Temple:   nicolae_temple_the_god_donut
Lair:1:   layout_cave_pods, nicolae_volcano_entry_batcave, uniq_fannar
Lair:2:   layout_cave_pods, infiniplex_staircase_pool_2, grunt_megastairs_1,
          serial_bayou_shore_b, lemuel_fruit_tree
Lair:3:   layout_regular_city, palyth_hydra_swamp_entry, minmay_hedge_maze,
          grunt_megastairs_3
Lair:4:   layout_roguey, nicolae_spider_entry_tight_spaces, basic_altar,
          serial_bayou, serial_bayou_pond_d, serial_bayou_pond_e,
          serial_bayou_lake_a, serial_bayou_lagoon_b, serial_bayou_crossing,
          serial_bayou_pond_c, ldierk_geyser
Lair:5:   layout_regular_city, kennysheep_catoblepas_arena, grunt_megastairs_5
Lair:6:   minmay_lair_end_enchanted_forest, layout_concentric_octagons,
          slime_altar_1, ebering_ghost_rock_garden, minmay_lair_oklob_items,
          infiniplex_staircase_pool, uniq_snorg

Skill      XL: |  1  2  3  4  5  6  7  8  9 10 11 12 13 14 |
---------------+-------------------------------------------+-----
Fighting       | 3 4 5 7 9 10 11 | 11.2
Bows           | 5 6 7 9 11 14 15 | 15.0
Invocations    | 1 3 5 |  5.0
Armour         | 2 6 8 |  8.9
Evocations     | 2 5 |  5.0
Dodging        | 3 7 9 10 | 10.1
Stealth        | |  1.0

Action                   |  1- 3 |  4- 6 |  7- 9 | 10-12 | 13-15 || total
-------------------------+-------+-------+-------+-------+-------++-------
Melee: Short sword       |    17 |       |       |       |       ||    17
       Dagger            |    25 |    82 |       |       |       ||   107
       Hunting sling     |       |       |     5 |     1 |       ||     6
       Shortbow          |       |       |     1 |       |       ||     1
       Broad axe         |       |       |       |       |    12 ||    12
 Fire: Shortbow          |    82 |    96 |   240 |   446 |       ||   864
       Hunting sling     |       |     6 |   179 |   219 |       ||   404
       Longbow           |       |       |       |    87 |   384 ||   471
Throw: Throwing net      |       |       |       |       |     1 ||     1
Invok: Heroism           |       |     2 |     8 |     8 |     5 ||    23
       Finesse           |       |       |       |       |     1 ||     1
Evoke: Wand              |       |       |       |     5 |     2 ||     7
       Phial of floods   |       |       |       |     1 |     1 ||     2
  Use: Scroll            |     2 |     5 |     4 |    10 |     3 ||    24
       Potion            |       |     1 |     4 |     8 |     4 ||    17
 Stab: Sleeping          |     1 |       |       |       |       ||     1
       Distracted        |       |       |       |       |     1 ||     1
Armor: Leather armour    |    15 |    26 |    42 |       |       ||    83
       Chain mail        |       |       |    30 |   236 |   237 ||   503
       Skin              |       |       |       |     3 |       ||     3
Dodge: Dodged            |    41 |    59 |   140 |   122 |   212 ||   574

Table legend: (Time is in decaauts)
 A = Elapsed time spent in this place.
 B = Non-inter-level travel time spent in this place.
 C = Inter-level travel time spent in this place.
 D = Time resting spent in this place.
 E = Time spent auto-exploring this place.
 F = Levels seen in this place.
 G = Mean time per level.
                   A        B        C        D        E       F      G
               +--------+--------+--------+--------+--------+-----+--------+
         Total |  25471 |  24524 |    947 |   2536 |  18790 |  18 | 1415.1 |
       Dungeon |  15622 |  14858 |    764 |   1598 |  11409 |  10 | 1562.2 |
        Temple |     13 |     13 |      0 |      0 |      0 |   1 |   13.0 |
          Lair |   7980 |   7798 |    182 |    247 |   6581 |   6 | 1330.0 |
       Volcano |   1853 |   1853 |      0 |    690 |    800 |   1 | 1853.0 |
               +--------+--------+--------+--------+--------+-----+--------+

Top non-repeatable levels by time:
     D:7: 2848 daAuts
     D:6: 1929 daAuts
  Lair:3: 1904 daAuts
 Volcano: 1853 daAuts
     D:5: 1690 daAuts
  Lair:2: 1577 daAuts
     D:9: 1551 daAuts
  Lair:1: 1475 daAuts
     D:4: 1454 daAuts
  Lair:4: 1356 daAuts
     D:2: 1335 daAuts
     D:1: 1324 daAuts
     D:3: 1269 daAuts
    D:10: 1266 daAuts
  Lair:5: 1163 daAuts
